 Dungeon Crawl Stone Soup version 0.22-a0-303-g4a852b3 (webtiles) character file.

14675 vishdafish the Fighter (level 12, -12/132 HPs)
             Began as an Ogre Hunter on Mar 27, 2018.
             Was a Priest of Makhleb.
             Mangled by an orc knight
             ... wielding a +0 war axe
              (24 damage)
             ... on level 1 of the Orcish Mines.
             The game lasted 00:40:24 (21356 turns).

vishdafish the Fighter (Ogre Hunter)               Turns: 21356, Time: 00:40:25

Health: -12/132    AC:  3    Str: 19    XL:     12   Next: 19%
Magic:  14/14      EV: 12    Int: 16    God:    Makhleb [***...]
Gold:   804        SH:  0    Dex:  9    Spells: 11/11 levels left

rFire    + . .     SeeInvis .   C - +2 long sword (elec)
rCold    + . .     Gourm    .   (no shield)
rNeg     . . .     Faith    .   z - +0 robe (curse)
rPois    +         Spirit   .   (helmet restricted)
rElec    .         Reflect  .   e - scarf {rC+ rF+}
rCorr    .         Harm     .   (gloves unavailable)
MR       +....                  (boots unavailable)
Stlth    +.........             (no amulet)
HPRegen  0.32/turn              g - ring of poison resistance
MPRegen  0.14/turn              (no ring)

@: drained
A: large, unfitting armour, tough skin 1
a: Minor Destruction, Lesser Servant of Makhleb, Renounce Religion


You were on level 1 of the Orcish Mines.
You worshipped Makhleb.
Makhleb was most pleased with you.
You were not hungry.

You visited 2 branches of the dungeon, and saw 14 of its levels.
You also visited: Ossuary.

You collected 804 gold pieces.

Inventory:

Hand Weapons
 a - a +4 long sword
 r - a +0 hand axe
 w - a +0 great sword
 x - a +0 vampiric falchion
 C - a +2 long sword of electrocution (weapon)
Armour
 b - a +0 robe
 e - a scarf of resistance (worn)
 t - a +0 cloak
 z - a cursed +0 robe (worn)
Jewellery
 g - a ring of poison resistance (left hand)
 p - an uncursed ring of ice
Wands
 k - a wand of iceblast (3)
 u - a wand of flame (27)
 E - a wand of digging (17)
Scrolls
 i - 5 scrolls of enchant weapon
 j - 2 scrolls of blinking {unknown}
 l - 2 scrolls of random uselessness
 m - 5 scrolls of remove curse
 o - a scroll of silence {unknown}
 s - 2 scrolls of amnesia
 v - 3 scrolls of noise
 B - 2 scrolls of magic mapping {unknown}
 D - a scroll of fog {unknown}
Potions
 c - 2 potions of flight
 n - a potion of magic
 q - 2 potions of degeneration
 A - a potion of brilliance
 F - a potion of agility {unknown}
Miscellaneous
 y - a lightning rod (3/4)
Comestibles
 f - 6 rations


   Skills:
 * Level 11.8(11.5) Fighting
   Level 1.0(6.1) Short Blades
 - Level 10.1(9.8) Long Blades
 * Level 10.8(10.5) Throwing
 + Level 7.1(6.8) Dodging
 - Level 0.7(0.4) Stealth
 - Level 3.0(2.7) Invocations
 - Level 2.2(1.9) Evocations


You had 11 spell levels left.
You didn't know any spells.

Dungeon Overview and Level Annotations

Branches:
Dungeon (12/15)            Temple (0/1) D:7            Lair (0/6) D:11
    Orc (2/2) D:10
    Elf: Orc:2

Altars:
Cheibriados
Dithmenos
Elyvilon
Hepliaklqana
Makhleb
Uskayaw
Vehumet
Wu Jian
Zin


Innate Abilities, Weirdness & Mutations

You are too large for most types of armour.
You have tough skin. (AC +1)


Message History

Press: ? - help, Shift-Dir - straight line, f/p - orc knight
Aim: an orc knight, wielding a war axe and wearing a plate armour (severely wounded, poisoned)
The mass of ice explodes!
The iceblast engulfs the orc knight.
The orc knight is almost dead.
Evoke which item? (* to show all) (? for menu, Esc to quit)
Aiming: Iceblast
Press: ? - help, Shift-Dir - straight line, f/p - orc knight
Aim: an orc knight, wielding a war axe and wearing a plate armour (almost dead, poisoned) That beam is likely to hit you.
Continue anyway?
The mass of ice explodes!
The iceblast engulfs the orc knight.
The orc knight is almost dead.
The iceblast engulfs you! You partially resist.
* * * LOW HITPOINT WARNING * * *
The orc knight hits you but does no damage.
You feel much better. The orc knight hits you with a war axe!
* * * LOW HITPOINT WARNING * * *
You barely miss the orc knight.
The orc knight is almost dead.
The orc knight hits you with a war axe!!
You die...

###### #..@.#
##.o.## ###....##
###.......###
#...........###
####.....#....##.##
#.#.......#.......#
##.....#.#........#
#...............##


You could see an orc knight.

Vanquished Creatures
  An ettin (Orc:1)
  2 two-headed ogres
  An unseen horror (D:10)
  Pikel (D:5)
  An orc sorcerer (Orc:1)
  An ugly thing (D:9)
  Maurice (D:10)
  A gargoyle (D:10)
  A komodo dragon (D:10)
  A troll (D:11)
  2 hornets
  A wyvern (D:9)
  9 yaks (D:11)
  A basilisk (D:10)
  4 hogs (D:8)
  A human (D:8)
  Eustachio (D:6)
  2 hungry ghosts
  Edmund (D:6)
  4 wargs
  3 porcupines (D:11)
  2 slaves (D:5)
  2 phantoms
  An ice beast (D:8)
  3 sky beasts
  5 orc warriors
  2 necrophages
  9 ogres
  4 centaurs
  3 crocodiles
  3 big kobolds
  6 bullfrogs
  A gnoll sergeant (D:11)
  2 water moccasin zombies (Ossuary)
  A wyvern zombie (D:10)
  3 scorpions
  9 killer bees (D:10)
  6 howler monkeys
  7 crimson imps
  2 centaur zombies
  A quasit (D:8)
  3 bullfrog skeletons
  3 jellies
  3 hounds
  5 orc priests
  14 orc wizards
  A centaur skeleton (D:4)
  9 worker ants
  A statue (D:8)
  A big kobold zombie (Ossuary)
  2 mummies (Ossuary)
  4 gnolls
  A worker ant zombie (D:7)
  A howler monkey skeleton (D:6)
  5 adders
  3 shadow imps
  5 adder zombies
  5 worms
  4 dart slugs
  4 leopard geckos
  40 orcs
  4 giant cockroaches
  6 gnoll zombies (Ossuary)
  7 goblins
  4 hobgoblins
  12 jackals
  11 quokkas
  9 bats
  6 frilled lizards
  11 hobgoblin zombies (Ossuary)
  A jackal skeleton (D:6)
  22 kobolds
  7 kobold zombies (Ossuary)
  A leopard gecko skeleton (D:6)
  2 orc zombies (Ossuary)
  2 quokka skeletons
  9 rats
340 creatures vanquished.

Vanquished Creatures (others)
  A bush (D:11)
  A fungus (D:11)
  11 plants (D:11)
13 creatures vanquished.

Grand Total: 353 creatures vanquished

Notes
Turn   | Place    | Note
-------+----------+-------------------------------------------
     0 | D:1      | vishdafish the Ogre Hunter began the quest for the Orb.
     0 | D:1      | Reached XP level 1. HP: 22/22 MP: 1/1
   214 | D:1      | Reached XP level 2. HP: 17/29 MP: 2/2
  1278 | D:2      | Reached skill level 3 in Fighting
  1278 | D:2      | Reached XP level 3. HP: 37/37 MP: 3/3
  1288 | D:2      | Reached skill level 1 in Short Blades
  2292 | D:2      | Reached XP level 4. HP: 9/45 MP: 4/4
  3222 | D:4      | Noticed an ogre
  3243 | D:4      | Killed an ogre
  3243 | D:4      | Reached skill level 4 in Fighting
  3243 | D:4      | Reached skill level 5 in Throwing
  3243 | D:4      | Reached XP level 5. HP: 48/55 MP: 5/5
  3288 | D:4      | Reached XP level 6. HP: 65/65 MP: 6/6
  3305 | D:4      | Reached skill level 5 in Fighting
  3760 | D:4      | Found an ornate altar of the Wu Jian Council.
  3760 | D:4      | Found a snail-covered altar of Cheibriados.
  3765 | D:4      | Found a hide-covered altar of Uskayaw.
  3767 | D:4      | Found a faded altar of an unknown god.
  3772 | D:4      | Found a white marble altar of Elyvilon.
  3882 | D:4      | Reached skill level 1 in Long Blades
  3887 | D:4      | Reached XP level 7. HP: 63/72 MP: 7/7
  4897 | D:5      | Entered Level 5 of the Dungeon
  5070 | D:5      | Found a shadowy altar of Dithmenos.
  5289 | D:5      | Found a hazy altar of Hepliaklqana.
  5496 | D:5      | Found a sand-covered staircase.
  5505 | Ossuary  | Entered an ossuary
  5653 | Ossuary  | Reached XP level 8. HP: 55/80 MP: 8/8
  6000 | Ossuary  | Reached skill level 5 in Long Blades
  6590 | D:5      | Noticed Pikel
  6650 | D:5      | Killed Pikel
  7406 | D:6      | Reached XP level 9. HP: 52/87 MP: 9/9
  7557 | D:6      | Noticed Eustachio
  7592 | D:6      | Killed Eustachio
  7754 | D:6      | Found a glowing silver altar of Zin.
  8211 | D:6      | Noticed Edmund
  8235 | D:6      | Killed Edmund
  9371 | D:7      | Found a burning altar of Makhleb.
  9605 | D:7      | Became a worshipper of Makhleb the Destroyer
 10158 | D:7      | Reached skill level 10 in Long Blades
 10327 | D:7      | Found a staircase to the Ecumenical Temple.
 10781 | D:8      | Reached skill level 1 in Invocations
 10787 | D:8      | Reached skill level 1 in Evocations
 10800 | D:8      | Reached XP level 10. HP: 54/96 MP: 11/11
 10812 | D:8      | HP: 1/96 [hog (6)]
 11619 | D:8      | Found a radiant altar of Vehumet.
 11836 | D:8      | Reached * piety under Makhleb
 13210 | D:9      | Reached skill level 6 in Fighting
 13705 | D:10     | Entered Level 10 of the Dungeon
 13705 | D:10     | Noticed a green ugly thing
 13713 | D:9      | Killed a green ugly thing
 13713 | D:9      | Reached skill level 5 in Dodging
 13766 | D:9      | Reached skill level 7 in Fighting
 14602 | D:10     | Reached ** piety under Makhleb
 15278 | D:10     | Reached skill level 8 in Fighting
 15296 | D:10     | Reached XP level 11. HP: 96/111 MP: 13/13
 15677 | D:10     | Noticed a two-headed ogre
 15847 | D:10     | Reached skill level 9 in Fighting
 16131 | D:10     | Killed a two-headed ogre
 16286 | D:10     | Found a staircase to the Orcish Mines.
 16856 | Orc:1    | Entered Level 1 of the Orcish Mines
 16859 | Orc:1    | Noticed Maurice
 17201 | D:10     | Killed Maurice
 17362 | Orc:2    | Entered Level 2 of the Orcish Mines
 17362 | Orc:2    | Noticed an ettin
 18019 | D:10     | HP: 5/117 [poisoned by a worker ant]
 18025 | D:10     | HP: 5/117 [poisoned by a worker ant]
 18033 | D:10     | HP: 5/117 [poisoned by a worker ant]
 18426 | D:11     | Reached skill level 10 in Fighting
 18440 | D:11     | Reached *** piety under Makhleb
 18920 | D:11     | Noticed a two-headed ogre
 18933 | D:11     | Killed a two-headed ogre
 19002 | D:11     | Reached skill level 10 in Throwing
 19054 | D:11     | Reached skill level 11 in Fighting
 19410 | D:11     | Found a staircase to the Lair.
 19995 | D:10     | Killed an unseen horror
 19995 | D:10     | Reached XP level 12. HP: 38/130 MP: 14/14
 20354 | Orc:1    | Killed an ettin
 20621 | Orc:1    | HP: 1/131 [orc warrior/mace (24)]
 21202 | Orc:1    | Paralysed by an orc sorcerer for 7 turns
 21354 | Orc:1    | HP: 4/132 [shot self (18)]
 21356 | Orc:1    | Mangled by an orc knight

Vault maps used:
D:1:      dpeg_arrival_signposts, st_stairs_10
D:2:      grunt_decor_arrowhead, feat_on_display
D:4:      chequers_temple_overflow_minitemple, first_ration, minmay_box_of_dots
D:5:      old_standard_altar, nicolae_ossuary_entry_ruins,
          nicolae_dithmenos_shadow_blocks, uniq_pikel
D:6:      basic_altar, kennysheep_generic_room_12, uniq_edmund, uniq_eustachio
D:7:      makhleb_grotto_becter, minmay_temple_entry_mist
D:8:      vehumet_statue, grunt_livestock
D:9:      hangedman_decor_riveting
D:10:     minmay_orc_entry_guard_dogs, grunt_ministairs_7
D:11:     minmay_lair_entry_grove
D:12:     serial_shops, shop
Orc:1:    serial_shops, nicolae_shop_crystal, trog_butcher_becter, uniq_maurice
Orc:2:    grunt_orc_tribal_feast, david_defended_altar_orc
Ossuary:  ossuary_tomb_2

Skill      XL: |  1  2  3  4  5  6  7  8  9 10 11 12 |
---------------+-------------------------------------+-----
Fighting       | 3 4 5 8 11 | 11.8
Dodging        | 2 3 4 5 6 7 |  7.1
Short Blades   | 1 |  1.0
Throwing       | 5 6 8 10 | 10.8
Long Blades    | 2 4 7 10 | 10.1
Invocations    | 1 3 |  3.0
Evocations     | 1 2 |  2.2
Stealth        | |  0.7

Action                   |  1- 3 |  4- 6 |  7- 9 | 10-12 || total
-------------------------+-------+-------+-------+-------++-------
Melee: Short sword       |   199 |    24 |       |       ||   223
       Hand axe          |       |    61 |       |       ||    61
       Great sword       |       |    27 |   353 |   198 ||   578
       Falchion          |       |       |   117 |       ||   117
       Long sword        |       |       |       |   338 ||   338
Throw: Large rock        |     1 |    12 |    18 |     8 ||    39
       Javelin           |       |    17 |    24 |    60 ||   101
       Throwing net      |       |       |     6 |     1 ||     7
Invok: Minor Destruction |       |       |       |    14 ||    14
Evoke: Wand              |       |       |     8 |    51 ||    59
       Lightning rod     |       |       |       |     1 ||     1
  Use: Scroll            |       |       |    16 |     4 ||    20
       Potion            |       |       |     7 |     9 ||    16
 Stab: Sleeping          |     1 |     3 |     2 |       ||     6
       Held in net/web   |       |       |     2 |       ||     2
       Paralysed         |       |       |       |    47 ||    47
  Eat: Chunk             |     4 |     5 |    11 |    16 ||    36
       Ration            |       |       |     5 |     9 ||    14
Armor: Robe              |    71 |    50 |    97 |   116 ||   334
       Skin              |       |       |    18 |       ||    18
Dodge: Dodged            |   113 |    78 |   313 |   360 ||   864
       Rpst.: Great sword |       |     5 |    70 |    57 ||   132
       Falchion          |       |       |    16 |       ||    16
       Long sword        |       |       |       |    54 ||    54

Table legend:
 A = Spawn XP
 B = Non-spawn XP
 C = Spawn XP percentage of total XP
 D = Spawn monster count
 E = Non-spawn monster count
 F = Spawn count percentage of total count
 G = Total turns spent on level
                    A         B        C        D         E        F      G
               +---------+---------+-------+---------+---------+-------+---------
         Total |       0 |   20965 |   0.0 |       0 |     336 |   0.0 | 21356
               +---------+---------+-------+---------+---------+-------+---------
           D:1 |       0 |      33 |   0.0 |       0 |      21 |   0.0 |  1268
           D:2 |       0 |      49 |   0.0 |       0 |      21 |   0.0 |  1249
           D:3 |       0 |      58 |   0.0 |       0 |      19 |   0.0 |   670
           D:4 |       0 |     857 |   0.0 |       0 |      29 |   0.0 |  1710
           D:5 |       0 |     771 |   0.0 |       0 |       7 |   0.0 |  1447
           D:6 |       0 |    1001 |   0.0 |       0 |      22 |   0.0 |  1587
           D:7 |       0 |    1076 |   0.0 |       0 |      23 |   0.0 |  2236
           D:8 |       0 |    1829 |   0.0 |       0 |      26 |   0.0 |  1854
           D:9 |       0 |    2051 |   0.0 |       0 |      28 |   0.0 |  1930
          D:10 |       0 |    6170 |   0.0 |       0 |      57 |   0.0 |  4172
          D:11 |       0 |    4224 |   0.0 |       0 |      37 |   0.0 |  1407
         Orc:1 |       0 |    2449 |   0.0 |       0 |       9 |   0.0 |  1138
         Orc:2 |       0 |     119 |   0.0 |       0 |       4 |   0.0 |    48
       Ossuary |       0 |     278 |   0.0 |       0 |      33 |   0.0 |   634
               +---------+---------+-------+---------+---------+-------+---------
